 Dungeon Crawl Stone Soup version 0.28-a0-1167-g616b1c6417 (webtiles) character file.

Game seed: 7906805364023490738

77 Ijustatesigmund the Skirmisher (level 4, 0/30 HPs)
             Began as a Gargoyle Fighter on Dec 16, 2021.
             Was an Initiate of Kikubaaqudgha.
             Slain by an orc priest (3 damage)
             ... on level 3 of the Dungeon.
             The game lasted 00:02:41 (2213 turns).

Ijustatesigmund the Skirmisher (Gargoyle Fighter)   Turns: 2213, Time: 00:02:42

Health: 0/30       AC: 10    Str: 17 (19) XL:     4   Next: 34%
Magic:  4/4        EV:  9    Int:  9 (11) God:    Kikubaaqudgha [......]
Gold:   128        SH:  4    Dex:  6 (9)  Spells: 3/3 levels left

rFire   . . .      SeeInvis .   a - +0 flail
rCold   . . .      Faith    .   c - +0 buckler
rNeg    + . .      Spirit   .   b - +0 scale mail
rPois   ∞          Reflect  .   (no helmet)
rElec   +          Harm     .   (no cloak)
rCorr   .          Rampage  .   (no gloves)
Will    .....                   (no boots)
Stlth   ..........              (no amulet)
HPRegen 0.10/turn               (no ring)
MPRegen 0.09/turn               (no ring)

@: no status effects
A: sickness immunity, AC +3, negative energy resistance 1, electricity
resistance, torment resistance 1, petrification resistance
a: Renounce Religion


You were on level 3 of the Dungeon.
You worshipped Kikubaaqudgha.
Kikubaaqudgha was noncommittal.
You visited 1 branch of the dungeon, and saw 3 of its levels.

You collected 128 gold pieces.

Inventory:

Hand Weapons
 a - a +0 flail (weapon)
Armour
 b - a +0 scale mail (worn)
 c - a +0 buckler (worn)
Scrolls
 g - a scroll of holy word {unknown}
 h - a scroll of brand weapon {unknown}
Potions
 d - a potion of might
 f - 2 potions of haste
 i - 2 potions of curing {unknown}
 j - a potion of attraction {unknown}
 k - a potion of lignification {unknown}


   Skills:
 + Level 4.4 Fighting
 + Level 2.9 Maces & Flails
 + Level 3.6 Armour
 + Level 3.6 Shields


You had 3 spell levels left.
You didn't know any spells.
Your spell library contained the following spells:

 Spells                   Type           Power      Damage    Failure   Level
 Pain                     Necr           0%         1d4       80%         1
 Agony                    Necr           0%         N/A       100%        5
 Excruciating Wounds      Necr           0%         N/A       100%        5


Dungeon Overview and Level Annotations

Branches:
Dungeon (3/15)

Altars:
Kikubaaqudgha


Innate Abilities, Weirdness & Mutations

You are immune to sickness and miasma.
Your stone body is resilient. (AC +3)
You are immune to poison.
You resist negative energy. (rN+)
You are resistant to electric shocks. (rElec)
You are resistant to unholy torment.
You are immune to petrification.


Message History

You are too injured to fight recklessly!
You are too injured to fight recklessly!
You are too injured to fight recklessly!
You are too injured to fight recklessly!
You are too injured to fight recklessly!
You are too injured to fight recklessly!
You are too injured to fight recklessly!
You are too injured to fight recklessly!
You are too injured to fight recklessly!
You are too injured to fight recklessly!
You are too injured to fight recklessly!
You are too injured to fight recklessly!
You are too injured to fight recklessly!
Your scale mail prevents you from hitting the orc priest.
The orc priest is severely wounded.
The orc priest invokes the aid of Beogh against you.
Pain shoots through your body!
* * * LOW HITPOINT WARNING * * *
You barely miss the orc priest.
The orc priest is severely wounded.
The orc priest hits you with a +0 short sword.
* * * LOW HITPOINT WARNING * * *
You barely miss the orc priest.
The orc priest is severely wounded.
The orc priest barely misses you.
It was a potion of degeneration.
There was something very wrong with that liquid.
You feel weakened.
You feel dopey.
You feel clumsy.
The orc priest hits you with a +0 short sword.
* * * LOW HITPOINT WARNING * * *
You hit the orc priest but do no damage.
The orc priest is severely wounded.
The orc priest hits you but does no damage.
The orc priest hits you with a +0 short sword.
* * * LOW HITPOINT WARNING * * *
You barely miss the orc priest.
The orc priest is severely wounded.
The orc priest hits you with a +0 short sword.
You die...
Kikubaaqudgha rasps: "You have failed me!
Welcome... oblivion!"

.# ## # ######
###### .....#
.[...### ####.#
##.....######.. #
#.# ##.##.##.#.... #
#.# ##.#.....#o.#
####)###.#......@#.#
........#....))...#
####.#.#.....≈.....#
#<#.#....≈_≈....#
#.#.#....≈.≈....#
#.#.#[....≈.....#
....#...........#
..##.#.........#.#
#####...........##


You could see an orc priest.

Vanquished Creatures
  2 adders
  2 worms
  A dart slug (D:1)
  4 orcs (D:3)
  3 endoplasms
  A giant cockroach (D:1)
  4 goblins
  2 hobgoblins
  4 jackals (D:3)
  2 quokkas
  4 ball pythons
  2 bats (D:2)
  8 frilled lizards
  5 kobolds
  2 rats
46 creatures vanquished.

Notes
Turn   | Place    | Note
-------+----------+-------------------------------------------
     0 | D:1      | Ijustatesigmund the Gargoyle Fighter began the quest for
                  | the Orb.
     0 | D:1      | Reached XP level 1. HP: 14/14 MP: 1/1
   459 | D:1      | Reached XP level 2. HP: 20/20 MP: 2/2
   718 | D:2      | Reached skill level 4 in Fighting
   825 | D:2      | Reached XP level 3. HP: 5/24 MP: 3/3
  1175 | D:2      | Found an ancient bone altar of Kikubaaqudgha.
  1254 | D:2      | Became a worshipper of Kikubaaqudgha
  1995 | D:3      | Reached XP level 4. HP: 29/30 MP: 4/4
  2187 | D:3      | Found a faded altar of an unknown god.
  2213 | D:3      | Slain by an orc priest

Illustrated notes

Levels and vault maps discovered:
D:1:      beargit_arrival_greenhouse, layout_basic
D:2:      layout_basic, basic_altar, kennysheep_flooded_box
D:3:      layout_loops_ring, shapermc_ecumenical_altar_starsandcircs,
          kennysheep_jessica_study, uniq_crazy_yiuf_cottage

Skill      XL: |  1  2 |
---------------+-------+-----
Fighting       | 4 |  4.4
Maces & Flails | |  2.9
Armour         | |  3.6
Shields        | |  3.6

Action                   |  1- 3 |  4- 6 || total
-------------------------+-------+-------++-------
Melee: Flail             |   116 |    40 ||   156
  Use: Scroll            |     1 |       ||     1
       Potion            |       |     1 ||     1
Armor: Scale mail        |    77 |    17 ||    94
Dodge: Dodged            |    66 |    16 ||    82
Block: Buckler           |    25 |    12 ||    37

Table legend: (Time is in decaauts)
 A = Elapsed time spent in this place.
 B = Non-inter-level travel time spent in this place.
 C = Inter-level travel time spent in this place.
 D = Time resting spent in this place.
 E = Time spent auto-exploring this place.
 F = Levels seen in this place.
 G = Mean time per level.
                   A        B        C        D        E       F      G
               +--------+--------+--------+--------+--------+-----+--------+
         Total |   2257 |   2168 |     89 |    235 |   1568 |   3 |  752.3 |
       Dungeon |   2257 |   2168 |     89 |    235 |   1568 |   3 |  752.3 |
               +--------+--------+--------+--------+--------+-----+--------+

Top non-repeatable levels by time:
     D:2: 1126 daAuts
     D:1: 696 daAuts
     D:3: 434 daAuts
